 Dungeon Sprint DCSS version 0.27-a0-1319-geec4fb4e21 (webtiles) character file.

Game seed: 12633991544830320897

506 howech the Cruncher (level 6, -20/58 HPs)
             Began as a Minotaur Gladiator on June 21, 2021.
             Was an Elder of Trog.
             Killed from afar by a hell hog (32 damage)
             ... with a fireball
             ... in the Dungeon (Sprint VII: "The Pits").
             The game lasted 00:03:07 (660 turns).

howech the Cruncher (Minotaur Gladiator)             Turns: 660, Time: 00:03:08

Health: -20/58     AC: 13    Str: 19    XL:     6   Next: 97%
Magic:  5/5        EV: 10    Int:  5    God:    Trog [****..]
Gold:   0          SH:  0    Dex: 13    Spells: 5/5 levels left

rFire    . . .     SeeInvis .   k - +2 quarterstaff
rCold    . . .     Faith    .   (shield currently unavailable)
rNeg     . . .     Spirit   .   n - +3 chain mail
rPois    .         Reflect  .   c - +0 hat
rElec    .         Harm     .   (no cloak)
rCorr    .         Rampage  .   (no gloves)
Will     ++...     NoTele   +   (no boots)
Stlth    ..........             (no amulet)
HPRegen  1.19/turn              (no ring)
MPRegen  0.09/turn              (no ring)

@: strong-willed, on berserk cooldown, regenerating, slowed, very slow
A: horns 2, retaliatory headbutt
a: Renounce Religion, Berserk, Trog's Hand, Brothers in Arms


You were in the Dungeon.
You worshipped Trog.
Trog was greatly pleased with you.
You visited 1 branch

Inventory:

Hand Weapons
 a - a +0 quarterstaff
 k - a +2 quarterstaff (weapon)
 l - a +2 hand axe
Missiles
 d - 3 throwing nets (quivered)
Armour
 c - a +0 hat (worn)
 n - a +3 chain mail (worn)
Potions
 e - 6 potions of curing
 f - 5 potions of heal wounds
 g - a potion of haste
 h - 4 potions of magic
 i - 3 potions of berserk rage
 m - 2 potions of invisibility


   Skills:
 + Level 6.7 Fighting
 + Level 6.2 Axes
 * Level 9.8 Staves
 + Level 5.5 Throwing
 + Level 6.0 Armour
 + Level 6.5 Dodging
 + Level 4.6 Evocations


You had 5 spell levels left.
You didn't know any spells.
Your spell library was empty.

Dungeon Overview and Level Annotations

Branches:
Dungeon (1/1)

Altars:
Cheibriados
Dithmenos
Elyvilon
Fedhas
Gozag
Hepliaklqana
Makhleb
Nemelex Xobeh
Okawaru
Qazlal
Ru
Sif Muna
Trog
Vehumet
Wu Jian
Xom
Yredelemnul
Zin
The Shining One
Beogh
Jiyva
Lugonu


Innate Abilities, Weirdness & Mutations

You have a pair of horns on your head.
You reflexively headbutt those who attack you in melee.


Message History

The hell hog bites you.
You feel a strong urge to attack something.
A hell hog comes into view.
The hell hog bites you but does no damage.
The hell hog bites you!
There is an open door, spattered with blood here.
The hell hog bites you!
There is an open door here.
You feel your anger nearly subside. The hell hog breathes fire at you.
The fireball explodes!
The fireball engulfs you!!
There is an open door, spattered with blood here.
Things that are here:
a +0 scimitar; a +0 chain mail; an orc corpse You are no longer berserk.
You are exhausted.
You feel yourself slow down.
Unknown command.
You hit the hell hog but do no damage. The hell hog bites you!
* * * LOW HITPOINT WARNING * * *
The hell hog bites you!
* * * LOW HITPOINT WARNING * * *
The hell hog bites you but does no damage.
The hell hog closely misses you.
Unknown command.
You feel much better.
The hell hog bites you but does no damage.
The hell hog bites you!
* * * LOW HITPOINT WARNING * * *
The hell hog bites you but does no damage.
The hell hog bites you!
* * * LOW HITPOINT WARNING * * *
Unknown command.
Blink to where?
Press: ? - help, Dir - move target
As you read the scroll of blinking, it crumbles to dust.
The hell hog breathes fire at you.
The fireball explodes!
The fireball engulfs you!!
Ouch! That really hurt!
You die...

#.#..#...#.#####'##
#.#..#####.##......
#.#..'...#)##......
#.#..'...).##......
#.#..########...<..
#.#..'[))).##......
#.#..#[))).##......
#'###########......
#.@.....#.. #######
#.......#.######
#...#...#.#....#
#..###h.#)#....#
#...#...#h'h.h.+
#......h#'#....#
#.......h.#....#
################


You could see a hell hog (catching breath).

Vanquished Creatures
  A floating eye (D)
  A black bear (D)
  An orc warrior (D)
  A bullfrog (D)
  A crimson imp (D)
  A quasit (D)
  A jelly (D)
  Terence (D)
  A gnoll (D)
  A river rat (D)
  2 orcs (D)
  2 ball pythons (D)
  A bat (D)
  A bat zombie (D)
  An endoplasm (D)
  A goblin (D)
  A hobgoblin (D)
  A frilled lizard (D)
  A kobold (D)
21 creatures vanquished.

Notes
Turn   | Place    | Note
-------+----------+-------------------------------------------
     0 | D        | howech the Minotaur Gladiator began the quest for the Orb.
     0 | D        | Reached XP level 1. HP: 18/18 MP: 0/0
    33 | D        | Found a glowing golden altar of the Shining One.
    33 | D        | Found a glowing silver altar of Zin.
    33 | D        | Found a basalt altar of Yredelemnul.
    33 | D        | Found a shimmering altar of Xom.
    33 | D        | Found an ornate altar of the Wu Jian Council.
    33 | D        | Found a bloodstained altar of Trog.
    33 | D        | Found a shimmering blue altar of Sif Muna.
    33 | D        | Found a sacrificial altar of Ru.
    33 | D        | Found a stormy altar of Qazlal.
    33 | D        | Found an iron altar of Okawaru.
    33 | D        | Found a sparkling altar of Nemelex Xobeh.
    33 | D        | Found a burning altar of Makhleb.
    33 | D        | Found a viscous altar of Jiyva.
    33 | D        | Found a hazy altar of Hepliaklqana.
    33 | D        | Found an opulent altar of Gozag.
    33 | D        | Found a blossoming altar of Fedhas.
    33 | D        | Found a white marble altar of Elyvilon.
    33 | D        | Found a shadowy altar of Dithmenos.
    33 | D        | Found a snail-covered altar of Cheibriados.
    35 | D        | Found a corrupted altar of Lugonu.
    35 | D        | Found a radiant altar of Vehumet.
    36 | D        | Became a worshipper of Trog the Wrathful
    47 | D        | Reached skill level 4 in Staves
    60 | D        | Reached * piety under Trog
    61 | D        | Reached skill level 1 in Axes
    61 | D        | Reached skill level 1 in Armour
    64 | D        | Reached skill level 1 in Evocations
   279 | D        | Reached XP level 2. HP: 25/25 MP: 1/1
   279 | D        | Reached ** piety under Trog
   570 | D        | Noticed a bullfrog
   570 | D        | Noticed a black bear
   571 | D        | Noticed a crimson imp
   577 | D        | Killed a bullfrog
   578 | D        | Reached skill level 6 in Staves
   578 | D        | Reached XP level 3. HP: 33/33 MP: 2/2
   578 | D        | Reached XP level 4. HP: 40/40 MP: 3/3
   578 | D        | Reached *** piety under Trog
   588 | D        | Killed a black bear
   589 | D        | Reached skill level 5 in Fighting
   589 | D        | Reached skill level 7 in Staves
   589 | D        | Reached skill level 5 in Dodging
   589 | D        | Reached XP level 5. HP: 32/48 MP: 4/4
   594 | D        | Reached skill level 8 in Staves
   605 | D        | Reached skill level 5 in Axes
   618 | D        | Noticed an orc warrior
   622 | D        | Killed an orc warrior
   622 | D        | Reached **** piety under Trog
   623 | D        | Reached skill level 9 in Staves
   623 | D        | Reached skill level 5 in Throwing
   623 | D        | Reached skill level 5 in Armour
   623 | D        | Reached XP level 6. HP: 55/57 MP: 5/5
   624 | D        | Noticed a floating eye
   627 | D        | Killed a floating eye
   631 | D        | Noticed Terence
   644 | D        | Killed Terence
   644 | D        | Reached ***** piety under Trog
   649 | D        | Noticed a hell hog
   649 | D        | Noticed a hell hog
   649 | D        | Noticed a hell hog
   650 | D        | Noticed a deep elf pyromancer
   652 | D        | Noticed a hell hog
   657 | D        | HP: 2/58 [hell hog (9)]
   660 | D        | Killed from afar by a hell hog

Illustrated notes

Levels and vault maps discovered:
D:        pitsprint [storerooms_1, entrance_room_1, metal_vault_1, armoury_1,
          mini_pit_1, grid_room_1, main_hall_1, silver_pit, the_coven_2,
          the_vestibule_1, steel_vault_4, golden_pit, hallway_of_sentries,
          crystal_vault_6, iron_vault_2, final_vault]

Skill      XL: |  1  2  3  4  5  6 |
---------------+-------------------+-----
Staves         | 4 6 7 9 |  9.8
Axes           | 1 3 4 5 6 |  6.2
Armour         | 1 3 4 5 6 |  6.0
Evocations     | 1 2 3 4 |  4.6
Fighting       | 4 5 6 |  6.7
Throwing       | 3 4 5 |  5.5
Dodging        | 4 5 6 |  6.5

Action                   |  1- 3 |  4- 6 || total
-------------------------+-------+-------++-------
Melee: Quarterstaff      |    20 |    41 ||    61
       Headbutt          |     6 |    12 ||    18
Invok: Trog's Hand       |       |     3 ||     3
       Berserk           |       |     1 ||     1
  Use: Scroll            |       |     1 ||     1
       Potion            |       |     1 ||     1
Armor: Chain mail        |    11 |    23 ||    34
Dodge: Dodged            |    14 |    13 ||    27

Table legend: (Time is in decaauts)
 A = Elapsed time spent in this place.
 B = Non-inter-level travel time spent in this place.
 C = Inter-level travel time spent in this place.
 D = Time resting spent in this place.
 E = Time spent auto-exploring this place.
 F = Levels seen in this place.
 G = Mean time per level.
                   A        B        C        D        E       F      G
               +--------+--------+--------+--------+--------+-----+--------+
         Total |    657 |    657 |      0 |    393 |     11 |   1 |  657.0 |
       Dungeon |    657 |    657 |      0 |    393 |     11 |   1 |  657.0 |
               +--------+--------+--------+--------+--------+-----+--------+

Top non-repeatable levels by time:
       D: 657 daAuts
